 Dungeon Crawl Stone Soup version 0.29.1-15-g9cfb28693d (webtiles) character file.

Game seed: 4175568473562900905

274967 Sharkman1231 the Imperceptible (level 21, -6/139 HPs)
             Began as a Kobold Brigand on Apr 16, 2023.
             Was the Champion of Okawaru.
             Killed from afar by an ironbound thunderhulk (45 damage)
             ... with a bolt of lightning
             ... on level 1 of the Vaults.
             The game lasted 01:21:54 (46289 turns).

Sharkman1231 the Imperceptible (Kobold Brigand)    Turns: 46289, Time: 01:21:54

Health: -6/139     AC: 18    Str: 13    XL:     21   Next: 18%
Magic:  25/27      EV: 22    Int: 13    God:    Okawaru [******]
Gold:   3127       SH:  9    Dex: 26    Spells: 18/20 levels left

rFire   . . .      SeeInvis +   a - +9 rapier (elec)
rCold   + . .      Faith    .   m - +0 buckler
rNeg    . . .      Spirit   .   J - +0 swamp dragon scales
rPois   +          Reflect  .   T - +0 mask of the Dragon {Will+ Slay+3 SInv}
rElec   .          Harm     .   v - +2 cloak {Will+}
rCorr   .          Rampage  .   H - +0 pair of gloves {hurl}
Will    +++++                   y - +2 pair of boots
Stlth   +++++++++.              c - amulet of regeneration
HPRegen 1.13/turn               f - ring of protection from cold
MPRegen 0.20/turn               N - ring of Reimbursement {rPois Will++ Dex+4}

@: about to teleport, on blink cooldown, studying Hexes
A: small, no large weapons, nightstalker 3
}: 2/15 runes: decaying, gossamer
a: Renounce Religion, Heroism, Finesse, Duel


You were on level 1 of the Vaults.
You worshipped Okawaru.
Okawaru was exalted by your worship.
You visited 8 branches of the dungeon, and saw 35 of its levels.
You also visited: Bailey.

You collected 5657 gold pieces.
You spent 2530 gold pieces at shops.

Inventory:

Hand Weapons
 a - a +9 rapier of electrocution (weapon)
Missiles
 q - 7 curare-tipped darts (quivered)
 E - 3 throwing nets
 M - 64 boomerangs
 Q - 29 atropa-tipped darts
 R - 5 datura-tipped darts
Armour
 m - a +0 buckler (worn)
 v - a +2 cloak of willpower (worn)
 y - a +2 pair of boots (worn)
 H - a +0 pair of gloves of hurling (worn)
 J - +0 swamp dragon scales (worn)
 K - a +1 helmet
 T - the +0 mask of the Dragon (worn) {Will+ Slay+3 SInv}
   (Okawaru gifted it to you on level 2 of the Lair of Beasts)

   Slay:      It affects your accuracy & damage with ranged weapons and melee
   (+3).
   SInv:      It lets you see invisible.
   Will:      It increases your willpower.
Jewellery
 c - an amulet of regeneration (around neck)
 f - a ring of protection from cold (left hand)
 G - a +4 ring of evasion
 I - a +4 ring of protection
 N - the ring of Reimbursement (right hand) {rPois Will++ Dex+4}
   (You acquired it in a bailey)

   [ring of poison resistance]

   Dex:       It affects your dexterity (+4).
   rPois:     It protects you from poison.
   Will:      It greatly increases your willpower.
 Z - a ring of protection from fire
Wands
 b - a wand of mindburst (6)
 e - a wand of quicksilver (16)
 n - a wand of roots (7)
 D - a wand of polymorph (8)
 P - a wand of flame (29)
 X - a wand of digging (7)
Scrolls
 d - a scroll of silence
 l - 2 scrolls of immolation
 p - 2 scrolls of teleportation
 s - 4 scrolls of enchant weapon
 u - 8 scrolls of poison
 w - 2 scrolls of blinking
 z - a scroll of fear
 A - 9 scrolls of magic mapping
 F - 6 scrolls of fog
 L - 3 scrolls of vulnerability
 S - a scroll of enchant armour
Potions
 g - 3 potions of magic
 h - 6 potions of curing
 i - 4 potions of attraction
 j - 2 potions of berserk rage
 k - 9 potions of mutation
 o - 6 potions of cancellation
 r - 3 potions of heal wounds
 t - 19 potions of ambrosia
 x - a potion of flight
 B - 6 potions of haste
 C - 4 potions of might
 U - 6 potions of brilliance
 V - 4 potions of resistance
 W - 5 potions of lignification
 Y - a potion of invisibility
Miscellaneous
 O - a condenser vane


   Skills:
 - Level 17.1 Fighting
 - Level 14.0 Short Blades
 - Level 18.7 Throwing
 + Level 9.0 Armour
 + Level 10.6 Dodging
 - Level 23.1 Stealth
 + Level 8.4 Shields
 - Level 1.6 Hexes
 - Level 6.0 Translocations
 - Level 8.0 Invocations
 - Level 15.7 Evocations


You had 18 spell levels left.
You knew the following spells:

 Your Spells              Type           Power      Damage    Failure   Level
a - Blink                 Tloc           30%        N/A       10%         2

Your spell library contained the following spells:

 Spells                   Type           Power      Damage    Failure   Level
 Apportation              Tloc           30%        N/A       7%          1
 Gell's Gravitas          Tloc           15%        N/A       21%         3
 Lesser Beckoning         Tloc           15%        N/A       21%         3
 Teleport Other           Tloc           15%        N/A       21%         3
 Necrotise                Necr           0%         1d4       61%         1
 Shock                    Conj/Air       0%         1d3       61%         1
 Ensorcelled Hibernation  Hex/Ice        4%         N/A       65%         2
 Passwall                 Tmut/Erth      0%         N/A       75%         2
 Searing Ray              Conj           0%         2d4       75%         2
 Manifold Assault         Tloc           15%        N/A       88%         5
 Spider Form              Tmut/Pois      0%         N/A       93%         3
 Swiftness                Air            0%         N/A       93%         3
 Anguish                  Hex/Necr       1%         N/A       99%         4
 Airstrike                Air            0%         2d(0-16)  100%        4
 Ice Form                 Ice/Tmut       0%         N/A       100%        4
 Alistair's Intoxication  Tmut/Pois      0%         N/A       100%        5
 Fireball                 Conj/Fire      0%         3d3       100%        5
 Freezing Cloud           Conj/Ice/Air   0%         6-21      100%        5
 Iskenderun's Battlesphe  Conj           0%         2d6       100%        5
 Conjure Ball Lightning   Conj/Air       0%         3x3d6     100%        6
 Orb of Destruction       Conj           0%         9d5       100%        7
 Borgnjor's Revivificati  Necr           0%         N/A       100%        8
 Discord                  Hex            2%         N/A       100%        8
 Disjunction              Tloc           7%         N/A       100%        8
 Death's Door             Necr           0%         N/A       100%        9
 Fire Storm               Conj/Fire      0%         5d1       100%        9
 Polar Vortex             Ice            0%         N/A       100%        9
 Simulacrum               Ice/Necr       Unusable   N/A       N/A         6

Dungeon Overview and Level Annotations

Branches:
Dungeon (15/15)            Temple (1/1) D:5            Lair (5/5) D:11
  Swamp (4/4) Lair:2       Spider (4/4) Lair:3        Slime (0/5) Lair:4
    Orc (2/2) D:11            Elf (3/3) Orc:2        Vaults (1/5) D:14
 Depths (0/4) D:15         Bailey (visited)

Altars:
Ashenzari
Cheibriados
Dithmenos
Elyvilon
Fedhas
Gozag
Hepliaklqana
Kikubaaqudgha
Makhleb
Nemelex Xobeh
Okawaru
Qazlal
Ru
Sif Muna
Trog
Uskayaw
Vehumet
Wu Jian
Xom
Yredelemnul
Zin
The Shining One

Shops:
D:11 [:[??   D:15 :   Orc:2 ?**[

Portals:
Trove: D:12 (give horn of Geryon)

Annotations:
D:15 Roxanne
Lair:4 exclusion: ice statue
Elf:2 5 runed translucent doors
Elf:3 1 exclusion
Vaults:1 1 runed translucent door


Innate Abilities, Weirdness & Mutations

You are small and have problems with some larger weapons.
You are completely attuned to the shadows.


Message History

The yaktaur captain completely misses you.
The yaktaur hits you!
You barely miss the ironbound thunderhulk.
You impale the yaktaur captain!!
The yaktaur captain is heavily wounded.
The ironbound thunderhulk misses you. You block the yaktaur captain's attack.
The great orb of eyes bites you! The yaktaur hits you!
You puncture the yaktaur captain!
The yaktaur captain is severely wounded.
Unknown command.
You puncture the yaktaur captain!
The yaktaur captain is almost dead.
The great orb of eyes barely misses you.
An ironbound preserver comes into view. It is wielding a +0 morningstar.
The yaktaur captain completely misses you.
The yaktaur misses you.
Unknown command.
You barely miss the yaktaur captain.
The yaktaur captain is almost dead.
Strange energies crackle from the ironbound thunderhulk's apparatus.
The ironbound thunderhulk blinks!
Okay, then.
You hit the yaktaur captain but do no damage.
The yaktaur captain is almost dead.
The great orb of eyes completely misses you.
You block the yaktaur captain's attack. The yaktaur hits you.
Casting: Blink (safe; 10% risk of failure)
Confirm with . or Enter, or press ? or * to list all spells.
You blink.
Electricity crackles from the ironbound thunderhulk's apparatus.
The bolt of lightning hits you!!!
* * * LOW HITPOINT WARNING * * *
A deep troll comes into view.
The yaktaur captain wields a +3 arbalest.
The yaktaur captain shoots a bolt.
The bolt misses you.
As you read the scroll of teleportation, it crumbles to dust.
You feel strangely unstable.
Electricity crackles from the ironbound thunderhulk's apparatus.
The bolt of lightning hits you!!!
You die...

.. ... .. #........'.. ......T..
#........#.. .#.#.#.#.
#........#.. .........
#..†.....#.. .....)...
#........###
############T#############'######
.............cG..................
.............pT..................
.........>....c.@................
.............Oc..................
.................................
...##############################
...######## ###### #### #
...#......# ##....# #..# #
...#......###....## #..# #
...'......##.∩..## ### ##..## #
...#......'......###.####8..8####


You could see an ironbound preserver, an ironbound thunderhulk, a yaktaur
captain, a great orb of eyes, 2 deep trolls and 2 yaktaurs.

Vanquished Creatures
  Arachne (Spider:3)
  Jorgrun (D:15)
  Frances (D:12)
  A thorn hunter (Swamp:3)
  Kirke (D:15)
  A fenstrider witch (Swamp:3)
  The ghost of SuperSeabass the Fighter, an adept OpSu of Gozag (Swamp:1)
  4 emperor scorpions
  An orc warlord (Orc:2)
  3 ghost moths
  3 broodmothers
  2 ironbound preservers (Vaults:1)
  An ironbound thunderhulk (Vaults:1)
  An eleionoma (Swamp:1)
  The ghost of DrIncomp the Eclecticist, a journeyman DECj of Vehumet (Spider:1)
  5 dire elephants (Vaults:1)
  An entropy weaver (Spider:2)
  4 bunyips
  3 spark wasps
  A fire dragon (Lair:5)
  3 deep elf death magi
  Josephine (D:10)
  A shambling mangrove (Swamp:3)
  2 yaktaur captains
  A rakshasa (D:15)
  Fannar (Lair:3)
  6 ogre magi
  2 catoblepae
  2 ironbound frosthearts (Vaults:1)
  4 boulder beetles
  31 hydras
  8 alligators
  3 jorogumos
  22 two-headed ogres
  A death knight (D:14)
  A centaur warrior (D:14)
  5 radroaches
  A satyr (shapeshifter) (D:14)
  7 death scarabs (Spider:4)
  2 spriggan berserkers
  4 death yaks
  A tengu warrior (D:14)
  Urug (Lair:5)
  23 dancing weapons
  13 deep elf knights
  11 spriggans
  6 skeletal warriors
  A fire crab (Lair:5)
  A sun moth (Spider:1)
  Nergalle (Lair:1)
  11 pharaoh ants
  8 spriggan druids
  5 goliath frogs
  6 steelbarb worms
  10 deep trolls
  14 swamp dragons
  14 deep elf archers
  A glowing orange brain (D:15)
  9 orb spiders
  3 bog bodies
  A spectral jorogumo (Spider:4)
  A wolf spider zombie (Spider:4)
  4 spectral wolf spiders (Spider:4)
  5 orc knights
  24 deep elf zephyrmancers
  An ironbound convoker (Vaults:1)
  3 lindwurms
  27 deep elf pyromancers
  26 wolf spiders
  A wizard (Vaults:1)
  3 orc sorcerers
  7 cyclopes
  4 manticores
  11 ugly things
  2 moths of wrath (Spider:4)
  6 will-o-the-wisps
  9 elephants
  Maurice (D:10)
  2 black mambas
  6 torpor snails
  2 molten gargoyles (Lair:5)
  6 demonic crawlers
  8 cane toads
  Maggie (Lair:1)
  3 spectral redbacks (Spider:4)
  5 rime drakes
  3 efreet
  9 komodo dragons
  A yaktaur (Vaults:1)
  An anaconda simulacrum (Lair:4)
  A redback zombie (Spider:4)
  A queen bee (Spider:1)
  8 trolls
  35 tarantellas
  12 tyrant leeches
  A spectral tarantella (Spider:4)
  4 polar bears
  A spectral culicivora (Spider:4)
  A wind drake (shapeshifter) (D:14)
  11 hornets
  7 meliai
  2 spectral jumping spiders (Spider:4)
  A culicivora zombie (Spider:4)
  Grinder (D:6)
  24 blink frogs
  18 slime creatures
  A slime creature (shapeshifter) (D:15)
  2 dream sheep (Lair:5)
  A tarantella zombie (Spider:4)
  An air elemental (Elf:2)
  30 jumping spiders
  A shadow (D:11)
  A vampire (D:10)
  14 culicivoras
  2 water elementals
  7 wraiths
  3 hogs (D:15)
  34 yaks
  12 wyverns
  3 basilisks (Lair:5)
  18 vampire mosquitoes
  2 fire elementals (Elf:3)
  44 redbacks
  2 acid dragons
  2 wargs
  11 swamp worms
  4 hell hounds (Lair:5)
  12 water moccasins
  9 swamp drakes
  An ice beast (D:8)
  2 sky beasts
  35 orc warriors
  3 black bears
  5 boggarts (Vaults:1)
  34 ogres
  12 wolves
  4 centaurs
  4 phantoms
  15 bullfrogs
  6 earth elementals
  2 gnoll sergeants
  2 scorpions
  3 necrophages
  14 wights
  A cane toad simulacrum (Lair:4)
  32 killer bees
  A vampire bat (Lair:4)
  5 lava snakes (Lair:5)
  10 howler monkeys
  A jelly (shapeshifter) (D:13)
  6 hounds
  3 jellies
  34 orc priests
  Terence (D:3)
  A gnoll bouda (D:5)
  Jessica (D:3)
  3 iguanas
  26 orc wizards
  2 spriggan simulacra (Lair:4)
  A troll simulacrum (Lair:4)
  A wolf simulacrum (Lair:4)
  18 gnolls
  3 adders
  A naga simulacrum (Lair:4)
  4 white imps
  An ufetubus (D:6)
  122 orcs
  7 ball pythons
  9 bats
  12 endoplasms
  4 giant cockroaches
  3 goblins (D:1)
  9 hobgoblins
  4 jackals (D:5)
  4 quokkas
  4 frilled lizards
  8 kobolds
  2 rats
1297 creatures vanquished.

Vanquished Creatures (others)
  An alligator (Swamp:1)
  A deep elf archer (Elf:1)
  A deep elf pyromancer (Elf:1)
  4 bloated husks
  A jumping spider (Spider:4)
  20 foxfires
  28 fungi
  38 plants
94 creatures vanquished.

Grand Total: 1391 creatures vanquished

Notes
Turn   | Place    | Note
-------+----------+-------------------------------------------
     0 | D:1      | Sharkman1231 the Kobold Brigand began the quest for the
                  | Orb.
     0 | D:1      | Reached XP level 1. HP: 12/12 MP: 1/1
   219 | D:1      | Reached XP level 2. HP: 18/18 MP: 2/2
   959 | D:1      | Reached XP level 3. HP: 15/22 MP: 3/3
  1061 | D:1      | Found a faded altar of an unknown god.
  1621 | D:2      | Identified the +3 dagger of Vyqux {freeze, *Slow rF+ rN+++
                  | Dex+2}
  1804 | D:3      | Reached skill level 6 in Stealth
  1825 | D:3      | Found the +3 giant club "Skullcrusher" {speed, Str+7}
  1829 | D:3      | Found a shadowy altar of Dithmenos.
  1837 | D:3      | Noticed Terence
  1858 | D:3      | Killed Terence
  1859 | D:3      | Reached XP level 4. HP: 15/28 MP: 4/4
  2182 | D:3      | Noticed Jessica
  2187 | D:3      | Killed Jessica
  2188 | D:3      | Reached XP level 5. HP: 30/32 MP: 5/5
  2647 | D:3      | Reached XP level 6. HP: 22/38 MP: 6/6
  2756 | D:3      | Reached skill level 7 in Stealth
  2966 | D:4      | Reached skill level 5 in Short Blades
  3202 | D:4      | Reached XP level 7. HP: 44/44 MP: 7/7
  3496 | D:5      | Entered Level 5 of the Dungeon
  3502 | D:5      | Found a staircase to the Ecumenical Temple.
  3510 | Temple   | Entered the Ecumenical Temple
  3799 | Temple   | Became a worshipper of Warmaster Okawaru
  3876 | D:5      | Found a snail-covered altar of Cheibriados.
  4129 | D:5      | You fall into a shaft and drop 3 floors!
  4132 | D:8      | Found an ancient bone altar of Kikubaaqudgha.
  4220 | D:7      | Reached skill level 1 in Evocations
  4233 | D:7      | Reached skill level 1 in Invocations
  4253 | D:7      | Noticed a vampire mosquito
  4272 | D:7      | Noticed a vampire mosquito
  4285 | D:7      | Reached skill level 8 in Stealth
  4285 | D:7      | Reached XP level 8. HP: 48/48 MP: 7/9
  4342 | D:7      | Reached * piety under Okawaru
  4350 | D:7      | Reached skill level 5 in Fighting
  4529 | D:7      | Reached ** piety under Okawaru
  4592 | D:7      | Reached XP level 9. HP: 47/54 MP: 11/11
  4842 | D:7      | Reached skill level 5 in Dodging
  5050 | D:7      | Noticed a boulder beetle
  5075 | D:7      | Reached skill level 9 in Stealth
  5091 | D:7      | Killed a boulder beetle
  5313 | D:7      | Identified a scroll of acquirement
  5319 | D:7      | Acquired a manual of Hexes
  5554 | D:6      | Reached XP level 10. HP: 29/61 MP: 13/13
  5562 | D:6      | Reached skill level 5 in Throwing
  5701 | D:6      | Reached *** piety under Okawaru
  5805 | D:6      | Found a broken altar of Ashenzari.
  5810 | D:6      | Reached skill level 5 in Evocations
  6234 | D:6      | Noticed Grinder
  6238 | D:6      | Killed Grinder
  6239 | D:6      | Reached skill level 10 in Stealth
  6525 | D:6      | Reached skill level 5 in Invocations
  6991 | D:7      | Found a shimmering blue altar of Sif Muna.
  7060 | D:8      | Found a white marble altar of Elyvilon.
  7092 | D:8      | Reached **** piety under Okawaru
  7350 | D:8      | Noticed a two-headed ogre
  7354 | D:8      | Killed a two-headed ogre
  7609 | D:9      | Found a sparkling altar of Nemelex Xobeh.
  7849 | D:9      | Reached XP level 11. HP: 57/67 MP: 15/15
  8124 | D:9      | Found a flagged portal.
  8134 | Bailey   | Entered a bailey
  8413 | Bailey   | Reached skill level 11 in Stealth
  8483 | Bailey   | Received a gift from Okawaru
  8498 | Bailey   | Noticed an orc knight
  8537 | Bailey   | Killed an orc knight
  8559 | Bailey   | Received a gift from Okawaru
  8587 | Bailey   | Acquired the ring of Reimbursement {rPois Will++ Dex+4}
  9231 | D:9      | Found a burning altar of Makhleb.
  9456 | D:10     | Entered Level 10 of the Dungeon
  9496 | D:10     | Noticed a two-headed ogre
  9525 | D:10     | Killed a two-headed ogre
  9525 | D:10     | Reached ***** piety under Okawaru
  9611 | D:10     | Received a gift from Okawaru
  9853 | D:10     | Noticed Maurice
  9888 | D:10     | Killed Maurice
  9915 | D:10     | Noticed a two-headed ogre
  9935 | D:10     | Killed a two-headed ogre
  9968 | D:10     | Noticed a catoblepas
 10046 | D:10     | Reached skill level 10 in Short Blades
 10129 | D:10     | Killed a catoblepas
 10130 | D:10     | Reached XP level 12. HP: 73/75 MP: 17/17
 10154 | D:10     | Noticed Josephine
 10218 | D:10     | Killed Josephine
 10236 | D:10     | Found a glowing silver altar of Zin.
 10236 | D:10     | Found a hide-covered altar of Uskayaw.
 10236 | D:10     | Found a sacrificial altar of Ru.
 11078 | D:10     | Found a sacrificial altar of Ru.
 11078 | D:10     | Found a glowing silver altar of Zin.
 11080 | D:10     | Found a hide-covered altar of Uskayaw.
 11823 | D:11     | Found Maosange's Magic Scroll Shoppe.
 11823 | D:11     | Found Kitotot's Antique Armour Shop.
 11828 | D:11     | Bought a scroll of blinking for 112 gold pieces
 11828 | D:11     | Bought a scroll of fog for 60 gold pieces
 11828 | D:11     | Bought a scroll of identify for 30 gold pieces
 11828 | D:11     | Bought a scroll of identify for 30 gold pieces
 11828 | D:11     | Bought a scroll of identify for 30 gold pieces
 11902 | D:11     | Reached skill level 12 in Stealth
 12327 | D:11     | Found a staircase to the Orcish Mines.
 12434 | D:11     | Found a staircase to the Lair.
 12465 | D:11     | Found Haguca's Magic Scroll Boutique.
 12536 | D:11     | Found Giohyont's Book Emporium.
 12544 | D:11     | Learned a level 2 spell: Blink
 12616 | D:11     | Found Vuriz's Antique Armour Shop.
 12621 | D:11     | Bought a pair of pitted boots for 332 gold pieces
 12621 | D:11     | Identified the +0 pair of boots "Yklev" {rF++ Str-5} (You
                  | bought it in a shop on level 11 of the Dungeon)
 12789 | D:11     | Received a gift from Okawaru
 13105 | D:12     | Reached skill level 10 in Fighting
 13144 | D:12     | Noticed a four-headed hydra
 13275 | D:12     | Noticed an eight-headed hydra
 13419 | D:12     | Noticed Frances
 13464 | D:12     | Killed Frances
 13464 | D:12     | Received a gift from Okawaru
 13530 | D:12     | Reached ****** piety under Okawaru
 13537 | D:12     | Killed a four-headed hydra
 13826 | D:12     | Found a portal to a secret trove of treasure.
 14190 | D:13     | Noticed a five-headed hydra
 14194 | D:13     | Noticed a catoblepas
 14208 | D:13     | Noticed an eight-headed hydra
 14259 | D:13     | Noticed a skeletal warrior
 14336 | D:13     | Noticed a skeletal warrior
 14336 | D:13     | Noticed a skeletal warrior
 14404 | Lair:1   | Entered Level 1 of the Lair of Beasts
 14683 | Lair:1   | Noticed Maggie
 14687 | Lair:1   | Killed Maggie
 14688 | Lair:1   | Reached XP level 13. HP: 82/82 MP: 19/19
 14999 | Lair:1   | Reached skill level 10 in Dodging
 15137 | Lair:1   | Noticed Nergalle
 15333 | Lair:1   | Received a gift from Okawaru
 15342 | Lair:1   | Reached skill level 10 in Throwing
 15689 | Lair:1   | Killed Nergalle
 15689 | Lair:1   | Received a gift from Okawaru
 15913 | Lair:2   | Found a staircase to the Swamp.
 16410 | Lair:2   | Noticed an eight-headed hydra
 16414 | Lair:2   | Killed an eight-headed hydra
 17069 | Lair:2   | Received a gift from Okawaru
 17069 | Lair:2   | Found the +0 mask of the Dragon {Will+ Slay+3 SInv}
 17294 | Lair:3   | Noticed a five-headed hydra
 17343 | Lair:3   | Killed a five-headed hydra
 17584 | Lair:3   | Noticed an eight-headed hydra
 17588 | Lair:3   | Killed an eight-headed hydra
 17636 | Lair:3   | Noticed Fannar
 17645 | Lair:3   | Killed Fannar
 17680 | Lair:3   | Noticed a seven-headed hydra
 17683 | Lair:3   | Killed a seven-headed hydra
 17684 | Lair:3   | Reached XP level 14. HP: 96/96 MP: 20/20
 17740 | Lair:3   | Reached skill level 15 in Fighting
 17810 | Lair:3   | Found a hole to the Spider Nest.
 18576 | Lair:5   | Entered Level 5 of the Lair of Beasts
 18608 | Lair:5   | Noticed Urug
 19067 | Lair:4   | Reached skill level 1 in Armour
 19170 | Lair:4   | Received a gift from Okawaru
 19388 | Lair:4   | Received a gift from Okawaru
 19517 | Lair:4   | Found a staircase to the Slime Pits.
 19806 | Lair:4   | Received a gift from Okawaru
 20089 | Lair:4   | Received a gift from Okawaru
 20595 | Lair:5   | Reached skill level 5 in Armour
 20667 | Lair:5   | Received a gift from Okawaru
 21176 | Lair:5   | Killed Urug
 21177 | Lair:5   | Reached XP level 15. HP: 107/107 MP: 21/21
 21826 | Lair:5   | Identified the +2 chain mail "Bofeut" {+Blink Str-4 Dex+4}
                  | (Okawaru gifted it to you on level 5 of the Lair of Beasts)
 21826 | Lair:5   | Received a gift from Okawaru
 21940 | Lair:5   | Found a large runed translucent door.
 21940 | Lair:5   | Found a large runed translucent door.
 22350 | Orc:1    | Entered Level 1 of the Orcish Mines
 22669 | Orc:2    | Entered Level 2 of the Orcish Mines
 23257 | Orc:2    | Noticed an orc warlord
 23281 | Orc:2    | Killed an orc warlord
 23300 | Orc:1    | Reached skill level 13 in Stealth
 23690 | Orc:2    | Found a staircase to the Elven Halls.
 23761 | Orc:2    | Reached skill level 14 in Stealth
 23986 | D:11     | Bought a glimmering cloak for 332 gold pieces
 23986 | D:11     | Identified the +1 cloak of Decompression {rF- Str+8} (You
                  | bought it in a shop on level 11 of the Dungeon)
 23986 | D:11     | Bought a pair of embroidered boots for 262 gold pieces
 24478 | Orc:2    | Received a gift from Okawaru
 24479 | Orc:2    | Reached skill level 15 in Stealth
 24696 | Orc:2    | Received a gift from Okawaru
 24697 | Orc:2    | Reached skill level 10 in Evocations
 24799 | Orc:2    | Found Ysitoi's Weapon Shoppe.
 24799 | Orc:2    | Found Dicukh's Magic Scroll Shop.
 24800 | Orc:2    | Found Duesmipt's Assorted Antiques.
 24800 | Orc:2    | Found Plog's Assorted Antiques.
 24998 | Orc:2    | Received a gift from Okawaru
 25067 | Orc:2    | Bought a scroll of blinking for 202 gold pieces
 25067 | Orc:2    | Bought a scroll of teleportation for 81 gold pieces
 25068 | Orc:2    | Bought 2 scrolls of blinking for 225 gold pieces
 25068 | Orc:2    | Bought a scroll of teleportation for 45 gold pieces
 25068 | Orc:2    | Bought a scroll of teleportation for 45 gold pieces
 25068 | Orc:2    | Bought a scroll of fear for 60 gold pieces
 25068 | Orc:2    | Bought a scroll of identify for 30 gold pieces
 25068 | Orc:2    | Bought a scroll of enchant weapon for 112 gold pieces
 25068 | Orc:2    | Bought a scroll of poison for 60 gold pieces
 25070 | Orc:2    | Bought a scroll of teleportation for 87 gold pieces
 25070 | Orc:2    | Bought a scroll of poison for 116 gold pieces
 25335 | Orc:2    | Found Pikhleu's Armour Boutique.
 25758 | D:14     | Received a gift from Okawaru
 25799 | D:14     | Reached XP level 16. HP: 80/112 MP: 22/22
 25809 | D:14     | Received a gift from Okawaru
 26003 | D:12     | Received a gift from Okawaru
 27565 | D:14     | Received a gift from Okawaru
 27612 | D:14     | Identified the +2 arbalest of Eternal Night {speed, rPois
                  | Will++ Int+3 Stlth+}
 27746 | D:15     | Entered Level 15 of the Dungeon
 27940 | D:14     | Reached skill level 15 in Evocations
 28024 | D:14     | Found a gate to the Vaults.
 28033 | D:14     | Received a gift from Okawaru
 28690 | D:15     | Found Kuis's Self-Improvement Boutique.
 28829 | D:15     | Received a gift from Okawaru
 28830 | D:15     | Reached skill level 1 in Translocations
 29041 | D:15     | Noticed Kirke
 29043 | D:15     | Found a shadowy altar of Dithmenos.
 29081 | D:15     | Killed Kirke
 29345 | D:15     | Identified Roxanne's Almanac of Forms
 29345 | D:15     | Noticed Roxanne
 29379 | D:15     | Noticed Jorgrun
 29395 | D:15     | Killed Jorgrun
 29395 | D:15     | Received a gift from Okawaru
 29733 | D:15     | Received a gift from Okawaru
 29878 | D:15     | Reached XP level 17. HP: 117/117 MP: 23/23
 29878 | D:15     | Found a staircase to the Depths.
 30201 | Orc:2    | Bought a +2 cloak of willpower for 279 gold pieces
 30354 | Swamp:1  | Entered Level 1 of the Swamp
 30369 | Swamp:1  | Got the Directory of Loathsome Bedrock
 30391 | Swamp:1  | Reached skill level 5 in Translocations
 30982 | Swamp:1  | Found a runed translucent door.
 31069 | Swamp:1  | Identified the +0 pair of gloves of Gegite {Fly Str-5 Int+2
                  | Stlth+} (Okawaru gifted it to you on level 1 of the Swamp)
 31069 | Swamp:1  | Received a gift from Okawaru
 31285 | Swamp:1  | Noticed SuperSeabass's ghost (adept OpSu)
 31329 | Swamp:1  | Killed SuperSeabass's ghost
 32614 | Swamp:3  | Noticed a thorn hunter
 32911 | Swamp:3  | Killed a thorn hunter
 32984 | Swamp:3  | Identified the +2 chain mail of a volcano {Rampage Drain
                  | rF+}
 33289 | Swamp:4  | Entered Level 4 of the Swamp
 33338 | Swamp:4  | Found a blossoming altar of Fedhas.
 33415 | Swamp:4  | Received a gift from Okawaru
 33601 | Swamp:4  | Reached skill level 15 in Throwing
 33696 | Swamp:4  | Received a gift from Okawaru
 33696 | Swamp:4  | Identified the +10 hand crossbow "Ixiych" {penet, rC- rCorr
                  | Int+4} (Okawaru gifted it to you on level 4 of the Swamp)
 33696 | Swamp:4  | Received a gift from Okawaru
 33697 | Swamp:4  | Reached XP level 18. HP: 8/123 MP: 24/24
 34024 | Swamp:4  | Reached skill level 1 in Shields
 34160 | Swamp:4  | Got a decaying rune of Zot
 34684 | Spider:1 | Entered Level 1 of the Spider Nest
 34932 | Spider:1 | Identified the +1 crystal plate armour of Ovenarogg {rElec
                  | rF+ Str-4} (Okawaru gifted it to you on level 1 of the
                  | Spider Nest)
 34932 | Spider:1 | Received a gift from Okawaru
 35329 | Spider:1 | Found a runed translucent door.
 35401 | Spider:1 | Reached skill level 5 in Shields
 36220 | Spider:1 | Noticed DrIncomp's ghost (journeyman DECj)
 36224 | Spider:1 | Killed DrIncomp's ghost
 36229 | Spider:1 | Got the Atlas of the Chill and Concussion
 36662 | Spider:2 | Reached skill level 1 in Hexes
 36838 | Spider:2 | HP: 4/118 [jorogumo/bolt of negative energy (21)]
 37109 | Spider:2 | Reached XP level 19. HP: 117/128 MP: 3/25
 37741 | Swamp:1  | Received a gift from Okawaru
 37892 | Spider:3 | Reached skill level 16 in Stealth
 38292 | Spider:3 | Received a gift from Okawaru
 38351 | Spider:3 | Reached skill level 17 in Stealth
 38469 | Spider:3 | Noticed Arachne
 38493 | Spider:3 | Killed Arachne
 39569 | Spider:4 | Entered Level 4 of the Spider Nest
 39573 | Spider:4 | Reached skill level 18 in Stealth
 40118 | Spider:4 | Reached skill level 19 in Stealth
 40854 | Spider:4 | Reached skill level 20 in Stealth
 40918 | Spider:4 | Received a gift from Okawaru
 41250 | Spider:4 | Reached skill level 21 in Stealth
 41339 | Spider:4 | Got a gossamer rune of Zot
 41618 | Elf:1    | Entered Level 1 of the Elven Halls
 41756 | Elf:1    | Reached XP level 20. HP: 101/134 MP: 24/26
 41991 | Elf:1    | Received a gift from Okawaru
 42209 | Elf:1    | Reached skill level 22 in Stealth
 42296 | Elf:1    | Identified the +0 chain mail of the Barracuda {rC+ Regen+}
                  | (Okawaru gifted it to you on level 1 of the Elven Halls)
 42296 | Elf:1    | Received a gift from Okawaru
 42954 | Elf:1    | Reached skill level 23 in Stealth
 43556 | Elf:2    | Found a huge runed translucent gate.
 43556 | Elf:2    | Found a huge runed translucent gate.
 43556 | Elf:2    | Found a huge runed translucent gate.
 43558 | Elf:2    | Found a huge runed translucent gate.
 43559 | Elf:2    | Found a huge runed translucent gate.
 43714 | Elf:2    | Identified the +6 war axe of Tumult {freeze, Fly}
 44151 | Elf:3    | Entered Level 3 of the Elven Halls
 44778 | Elf:3    | Identified the +0 chain mail of Sunlight {Dex+4} (Okawaru
                  | gifted it to you on level 3 of the Elven Halls)
 44778 | Elf:3    | Received a gift from Okawaru
 45316 | Vaults:1 | Entered Level 1 of the Vaults
 45605 | Vaults:1 | Reached XP level 21. HP: 111/139 MP: 27/27
 45692 | Vaults:1 | Found a runed translucent door.
 46289 | Vaults:1 | Killed from afar by an ironbound thunderhulk

Illustrated notes

Levels and vault maps discovered:
D:1:      shiori_shiawase, layout_loops_ring, chequers_ecumenical_altar_island,
          dreamdust_wishing_well
D:2:      layout_rooms
D:3:      layout_rooms, old_standard_altar, uniq_terence, uniq_jessica
D:4:      layout_rooms
D:5:      layout_basic, mainiacjoe_overflow_small_starburst,
          minmay_temple_entry_mini_moons, minmay_misc_feat_chi
D:6:      layout_basic, mainiacjoe_overflow_surrounded_room, uniq_grinder
D:7:      cheibrodos_fzero, layout_basic, tgw_sif
D:8:      layout_rooms, kennysheep_mini_moat, elyvilon_altar_4,
          amcnicky_mini_corridor_feature
D:9:      layout_loops_corners, amcnicky_altar_gilded, bloody_makhleb,
          enter_bailey_4
D:10:     layout_loops_corners, gammafunk_temple_overflow_forgotten,
          uniq_maurice, uniq_josephine
D:11:     layout_small_grid, grunt_lair_entry_orc_guard_hut, erik_orc_4,
          serial_shops, shop_scrolls, kennysheep_mini, nicolae_diamond_shop,
          shop_fountains, nicolae_shop_advertising_works
          [nicolae_subvault_shop_adworks]
D:12:     layout_cave_pools, enter_trove_6, uniq_frances
D:13:     layout_irregular_city
D:14:     minmay_bubble_buster, layout_layer_cave, david_vaults_2,
          hangedman_decor_points, minmay_evil_grid
D:15:     gammafunk_enter_depths_forms, layout_basic,
          nicolae_dithmenos_shadow_blocks, nicolae_shop_self_help, uniq_kirke,
          uniq_roxanne, uniq_jorgrun
Temple:   minmay_temple_curvy_loop
Lair:1:   layout_regular_city, uniq_nergalle, uniq_maggie
Lair:2:   layout_hall_layers, minmay_swamp_entry_swarm
Lair:3:   layout_cave_shapes, hellmonk_spider_entry_not_the_bees, uniq_fannar
Lair:4:   dreamdust_isle_of_ice, layout_cave_pods,
          nicolae_slime_entry_slimehenge, roderic_batcave,
          infiniplex_staircase_pool, grunt_megastairs_4
Lair:5:   cheibrodos_lair_end_hotspot, layout_long_grid,
          chequers_serial_rivers_micro_a, infiniplex_staircase_pool_2, uniq_urug
Swamp:1:  layout_basic_swamp, ebering_ghost_reflecting_pool,
          evilmike_swamp_ruin_wall, swamp_pool3
Swamp:2:  layout_basic_swamp, evilmike_swamp_ruin_house_5
Swamp:3:  layout_falls_marsh, nicolae_swamp_orc_logging_accident
Swamp:4:  swamp, layout_basic_swamp, swamp_pool2, hangedman_swamp_cone,
          lemuel_altar_in_water
Spider:1: nicolae_spider_mines_1, ebering_ghost_reflecting_pool, special_room
          [special_room_bee], nicolae_spider_webs_and_nodes
Spider:2: layout_spider_delve, nicolae_spider_claw_tunnel
Spider:3: layout_spider_delve, uniq_arachne
Spider:4: floodkiller_spider_rune_tomb
Orc:1:    layout_caves
Orc:2:    st_orc_ogre_mass, layout_caves, serial_shops, shop
Elf:1:    eino_elf_arrival_customs, layout_loops_cross,
          hangedman_elven_crosses_minicolossus
Elf:2:    elven_hall_of_blades_hangedman_alternative [nicolae_blade_lattice],
          layout_loops_cross
Elf:3:    minmay_elf_hall_spiked, layout_geoelf_grid, grunt_megastairs_3
Vaults:1: ebering_ghost_inner_flame, v_alt_pattern_6,
          ontoclasm_vaults_ring_square, vaults_dpeg_hooks,
          nicolae_vaults_little_squares_6, vaults_dpeg_cross,
          nicolae_vaults_asterisk, grunt_vaults_focal,
          vaults_mumra_minichess_inversion, nicolae_vaults_angled_halls,
          vaults_room_pools, nicolae_vaults_little_squares_2,
          nicolae_vaults_circle_grid_a, vaults_standard_mumra_x,
          vaults_dpeg_doors, layout_vaults_ring

Skill      XL: |  1  2  3  4  5  6  7  8  9 10 11 12 13 14 15 16 17 18 19 20 21 |
---------------+----------------------------------------------------------------+-----
Short Blades   | 3 4 5 6 7 8 10 11 14 | 14.0
Fighting       | 3 4 5 6 7 8 10 14 17 | 17.1
Stealth        | 6 7 8 9 10 11 12 15 21 23 | 23.1
Dodging        | 2 3 4 5 7 8 9 10 | 10.6
Evocations     | 1 3 4 6 7 9 11 15 | 15.7
Invocations    | 1 2 4 5 6 8 |  8.0
Throwing       | 3 4 6 7 8 10 16 18 | 18.7
Armour         | 7 8 9 |  9.0
Translocations | 4 6 |  6.0
Shields        | 8 |  8.4
Hexes          | 1 |  1.6

Action                   |  1- 3 |  4- 6 |  7- 9 | 10-12 | 13-15 | 16-18 | 19-21 || total
-------------------------+-------+-------+-------+-------+-------+-------+-------++-------
Melee: Dagger            |    92 |    83 |   265 |  1085 |  2476 |    51 |       ||  4052
       Punch             |     2 |     2 |     6 |    25 |    49 |    26 |       ||   110
       Quick blade       |       |       |       |       |       |   696 |       ||   696
       Rapier            |       |       |       |       |       |   995 |  1210 ||  2205
Throw: Dart              |       |       |     6 |    17 |    22 |    48 |    29 ||   122
       Throwing net      |       |       |       |     1 |       |       |       ||     1
       Boomerang         |       |       |       |       |    17 |       |     5 ||    22
 Cast: Blink             |       |       |       |       |       |     3 |     4 ||     7
Invok: Heroism           |       |       |     1 |     2 |     4 |    13 |     6 ||    26
Evoke: Wand              |       |       |     7 |    12 |    28 |    25 |     9 ||    81
       Condenser vane    |       |       |       |       |     2 |     1 |     5 ||     8
  Use: Potion            |     1 |       |     2 |     1 |     2 |     9 |     5 ||    20
       Scroll            |       |     1 |     6 |    14 |    18 |    19 |     6 ||    64
 Stab: Sleeping          |    17 |     9 |    12 |    52 |    44 |    58 |    81 ||   273
       Distracted        |     1 |     3 |     5 |     5 |    15 |    10 |    17 ||    56
       Invisible         |       |       |       |     1 |    12 |    17 |     7 ||    37
       Held in net/web   |       |       |       |     1 |       |       |       ||     1
       Paralysed         |       |       |       |     1 |     2 |       |       ||     3
       Petrified         |       |       |       |       |     1 |       |       ||     1
       Confused          |       |       |       |       |       |     1 |       ||     1
Armor: Robe              |     8 |    11 |    40 |    97 |       |       |       ||   156
       Acid dragon scale |       |       |       |    23 |       |       |       ||    23
       Swamp dragon scal |       |       |       |       |   534 |   418 |   328 ||  1280
Dodge: Dodged            |    36 |    27 |   201 |   689 |  1773 |  1104 |   797 ||  4627
Block: Buckler           |       |       |       |       |       |   186 |   381 ||   567
